AoeStats
← Dafixios

Fortress

510203308Analyzed
2v2 RM · 3d ago on Sep 29, 2026· 52m 16s· 4 players
Game mode
Random Map
Map size
Normal (6 player)
Population
200
Speed
Normal
Resources
Standard
Victory
Conquest
Starting age
Dark Age
Ending age
Imperial Age
RankedLock teamsTeams togetherTeam positionsShared explorationLock speedFull tech treeHidden civsTurbo modeCheats
Victory
Defeat
🇺🇸 Lithuanians · United States
1124
+16
🇧🇪 Persians · Belgium
1115
+17
🇲🇽 Franks · Mexico
1146
-17
🇲🇽 Spanish · Mexico
1119
-16
LSD SaChOuSs
8:13 Feudal Age
8:57 Double-Bit Axe
8:57 Horse Collar
9:54 Loom
12:30 Castle Age
10:27 Gold Mining
11:58 Wheelbarrow
11:12 Loom
14:26 Bow Saw
17:30 Hand Cart
17:48 Kamandaran
19:07 Elite Skirmisher
19:42 Fletching
19:52 Padded Archer Armor
21:14 Crossbowman
25:17 Gold Shaft Mining
24:33 Stone Mining
27:51 Imperial Age
26:12 Thumb Ring
26:16 Scale Barding Armor
26:21 Forging
26:27 Leather Archer Armor
26:08 Bodkin Arrow
28:24 Chain Barding Armor
28:39 Iron Casting
28:45 Conscription
29:30 Elite War Elephant
43:38 Two-Man Saw
46:36 Bloodlines
46:27 Husbandry
45:48 Cavalier
47:57 Plate Barding Armor
48:22 Blast Furnace
47:56 Ring Archer Armor
46:50 Savar
52:56 Ballistics
53:37 Chemistry
52:33 Murder Holes
52:29 Heated Shot
PapaSmurf
6:40 Feudal Age
7:23 Double-Bit Axe
12:47 Castle Age
11:07 Loom
12:08 Horse Collar
12:21 Gold Mining
13:02 Scale Barding Armor
14:08 Bloodlines
13:54 Stone Mining
15:20 Bow Saw
15:53 Fervor
18:21 Town Watch
18:21 Loom
19:22 Husbandry
21:10 Chain Barding Armor
21:15 Stone Mining
23:23 Wheelbarrow
26:05 Hand Cart
26:07 Forging
29:54 Imperial Age
30:00 Iron Casting
30:44 Stone Shaft Mining
32:11 Two-Man Saw
30:50 Elite Leitis
31:50 Conscription
31:48 Heavy Plow
33:23 Plate Barding Armor
37:25 Crop Rotation
46:52 Hoardings
49:30 Fortified Wall
50:22 Chemistry
49:43 Ballistics
49:19 Murder Holes
49:05 Treadmill Crane
49:35 Masonry
Dafixios
6:45 Feudal Age
11:17 Castle Age
9:43 Double-Bit Axe
10:56 Wheelbarrow
12:13 Wheelbarrow
12:41 Bow Saw
15:16 Fervor
16:06 Sanctity
18:43 Forging
19:37 Loom
26:23 Imperial Age
24:14 Husbandry
26:06 Hand Cart
25:38 Town Watch
26:00 Scale Barding Armor
26:30 Iron Casting
26:23 Masonry
26:28 Cavalier
29:20 Blast Furnace
28:50 Block Printing
29:24 Paladin
30:44 Light Cavalry
33:03 Chain Barding Armor
34:07 Town Patrol
36:26 Plate Barding Armor
36:48 Fletching
36:22 Elite Skirmisher
37:16 Crossbowman
37:32 Cranequins
38:58 Bodkin Arrow
39:25 Ballistics
40:06 Chemistry
39:10 Gold Mining
39:05 Heavy Mounted Crossbowman
41:16 Conscription
46:40 Chivalry
48:37 Architecture
48:55 Fortified Wall
Alexr_93
7:59 Feudal Age
6:17 Loom
12:34 Castle Age
12:05 Double-Bit Axe
12:01 Horse Collar
20:24 Fletching
20:35 Padded Archer Armor
21:55 Bodkin Arrow
23:15 Wheelbarrow
23:27 Leather Archer Armor
23:43 Caravan
24:26 Ballistics
24:52 Thumb Ring
25:10 Town Watch
26:11 Hand Cart
25:55 Gold Mining
26:11 Stone Mining
26:27 Heavy Plow
26:56 Bow Saw
30:47 Imperial Age
30:59 Stone Shaft Mining
30:27 Scale Mail Armor
30:38 Forging
33:00 Chemistry
32:01 Bracer
32:32 Ring Archer Armor
37:38 Chain Mail Armor
37:58 Iron Casting
39:44 Murder Holes
Connection lost

Rejoining the realm…

Still unreachable

The connection could not be restored.

Session expired

The server has moved on; the page needs a fresh start.